 Dungeon Crawl Stone Soup version 0.27-a0-1200-g94dc6ad4cf (webtiles) character file.

Game seed: 3033942468758247959

7 snetch the Shield-Bearer (level 2, -1/24 HPs)
             Began as a Formicid Fighter on May 31, 2021.
             Slain by a phantom (4 damage)
             ... on level 1 of the Dungeon.
             The game lasted 00:00:40 (228 turns).

snetch the Shield-Bearer (Formicid Fighter)          Turns: 228, Time: 00:00:41

Health: -1/24      AC:  6    Str: 20    XL:     2   Next: 10%
Magic:  2/2        EV:  7    Int:  7    God:
Gold:   0          SH:  9    Dex: 10    Spells: 1/1 levels left

rFire    . . .     SeeInvis +   a - +0 war axe
rCold    . . .     Faith    .   c - +0 kite shield
rNeg     . . .     Spirit   .   b - +0 scale mail
rPois    .         Reflect  .   (helmet unavailable)
rElec    .         Harm     .   (no cloak)
rCorr    .         Rampage  .   (no gloves)
Will     .....                  (no boots)
Stlth    ..........             (no amulet)
HPRegen  0.08/turn              (no ring)
MPRegen  0.08/turn              (no ring)

@: no status effects
A: permanent stasis, dig shafts and tunnels, antennae 3, four strong arms
a: Dig, Shaft Self


You were on level 1 of the Dungeon.
You visited 1 branch of the dungeon, and saw 2 of its levels.

Inventory:

Hand Weapons
 a - a +0 war axe (weapon)
Missiles
 e - 13 stones
Armour
 b - a +0 scale mail (worn)
 c - a +0 kite shield (worn)
Potions
 d - a potion of might


   Skills:
 + Level 3.4 Fighting
 + Level 2.0 Axes
 + Level 3.5 Armour
 + Level 3.8 Shields


You had one spell level left.
You didn't know any spells.
Your spell library was empty.

Dungeon Overview and Level Annotations

Branches:
Dungeon (2/15)

Altars:


Innate Abilities, Weirdness & Mutations

You cannot be hasted, slowed, berserked, paralysed or teleported.
You can dig through walls and to a lower floor.
You have a pair of large antennae on your head. (SInv)
Your four strong arms can wield two-handed weapons with a shield.


Message History

You slash the jackal!
You kill the jackal!
You slash the jackal!
You kill the jackal!
You have reached level 2!
There is a stone staircase leading up here.
You climb upwards.
There is a stone staircase leading down here.
You start resting.
HP restored.
You climb downwards.
There is a stone staircase leading up here.
A phantom comes into view.
You slash the phantom!
The phantom is moderately damaged.
You block the phantom's attack. x2
You closely miss the phantom.
The phantom is moderately damaged.
You block the phantom's attack.
You closely miss the phantom.
The phantom is moderately damaged.
The phantom hits you! The phantom hits you.
You barely miss the phantom.
The phantom is moderately damaged.
The phantom hits you.
You hit the phantom.
The phantom is moderately damaged.
The phantom hits you but does no damage.
You block the phantom's attack.
There is a stone staircase leading up here.
You hit the phantom.
The phantom is moderately damaged.
The phantom hits you.
* * * LOW HITPOINT WARNING * * *
The phantom hits you.
* * * LOW HITPOINT WARNING * * *
You climb upwards.
There is a stone staircase leading down here.
The phantom hits you.
You die...

##.# ##...# #.....#
.......##
#.......?.##
#...........##
##......#......## #
##......# #..@W..##
# #.##......#
##......##.#
#.#......#
##......#.#
#.......#
##....[..###
#...<..##
##..>.....#
#.......##
##.......#.#
#.#......##
##......#.# #
##......##
##......## #
##......###......##
{


You could see a phantom.

Vanquished Creatures
  A goblin (D:2)
  A hobgoblin (D:2)
  3 jackals (D:2)
  A bat (D:1)
6 creatures vanquished.

Notes
Turn   | Place    | Note
-------+----------+-------------------------------------------
     0 | D:1      | snetch the Formicid Fighter began the quest for the Orb.
     0 | D:1      | Reached XP level 1. HP: 18/18 MP: 1/1
    43 | D:2      | Reached XP level 2. HP: 10/24 MP: 2/2
   212 | D:2      | Noticed a phantom
   228 | D:1      | Slain by a phantom

Illustrated notes

Levels and vault maps discovered:
D:1:      dpeg_arrival_central, layout_loops_ring, serial_glass,
          glass_columns_c, glass_columns_b, serial_shops, shop,
          nicolae_shop_waterfront, shop, nicolae_shop_trees,
          nicolae_shop_behind_doors, chequers_ecumenical_altar_twisty,
          chequers_serial_rivers_room_a, st_stairs_2
D:2:      layout_rooms, serial_shops, shop_fountains, minmay_misc_feat_square,
          supply_closet_lemuel, lemuel_another_geyser

Action                   || total
-------------------------++-------
Melee: War axe           ||    21
Armor: Scale mail        ||    17
Dodge: Dodged            ||    12
Block: Kite shield       ||    16

Table legend: (Time is in decaauts)
 A = Elapsed time spent in this place.
 B = Non-inter-level travel time spent in this place.
 C = Inter-level travel time spent in this place.
 D = Time resting spent in this place.
 E = Time spent auto-exploring this place.
 F = Levels seen in this place.
 G = Mean time per level.
                   A        B        C        D        E       F      G
               +--------+--------+--------+--------+--------+-----+--------+
         Total |    241 |    241 |      0 |    160 |      7 |   2 |  120.5 |
       Dungeon |    241 |    241 |      0 |    160 |      7 |   2 |  120.5 |
               +--------+--------+--------+--------+--------+-----+--------+

Top non-repeatable levels by time:
     D:1: 194 daAuts
     D:2: 47 daAuts
